 Dungeon Crawl Stone Soup version 0.23-a0-625-g1d2cd9b (console) character file.

2209 bli the Magician (level 9, -8/71 HPs)
             Began as a Pale Draconian Fire Elementalist on Dec 24, 2018.
             Was an Elder of Cheibriados.
             Mangled by an orc warrior
             ... wielding a +0 trident
              (19 damage)
             ... on level 8 of the Dungeon.
             The game lasted 00:34:47 (6810 turns).

bli the Magician (Pale Draconian Fire Elementalist) Turns: 6810, Time: 00:34:48

Health: -8/71      AC: 12    Str: 22    XL:     9   Next: 13%
Magic:  6/18       EV: 15    Int: 25    God:    Cheibriados [****..]
Gold:   509        SH:  0    Dex: 24    Spells: 8/21 levels left

rFire    . . .     SeeInvis .   a - +1 mace (holy)
rCold    . . .     Gourm    .   (no shield)
rNeg     . . .     Faith    .   (armour unavailable)
rPois    .         Spirit   .   q - +2 hat
rElec    .         Reflect  .   B - +0 cloak
rCorr    +         Harm     .   o - +0 pair of gloves
MR       .....                  K - +0 pair of boots
Stlth    +++.......             (no amulet)
HPRegen  0.21/turn              m - ring of wizardry
MPRegen  0.16/turn              M - ring of resist corrosion

@: very slow
A: breathe steam, unfitting armour, cold-blooded, AC +7
a: Breathe Steam, Bend Time, Temporal Distortion, Slouch, Renounce Religion


You were on level 8 of the Dungeon.
You worshipped Cheibriados.
Cheibriados was greatly pleased with you.
You were hungry.

You visited 1 branch of the dungeon, and saw 8 of its levels.

You collected 509 gold pieces.

Inventory:

Hand Weapons
 a - a +1 mace of holy wrath (weapon)
 h - a +0 whip
 k - a +0 hunting sling
 J - a +0 morningstar
 N - a +0 spear of piercing
Missiles
 d - 245 stones
 t - 5 tomahawks (quivered)
Armour
 j - a +0 cloak
 o - a +0 pair of gloves (worn)
 q - a +2 hat (worn)
 y - a cursed +0 buckler
 z - a +0 large shield
 A - a +0 pair of gloves
 B - a +0 cloak (worn)
 F - the +4 chain mail of Dim Light {rC+ Str-4 Dex+4, unknown}
   (You found it on level 5 of the Dungeon)

   It affects your strength (-4).
   It affects your dexterity (+4).
   It protects you from cold.
 H - the cursed +0 ring mail "Ikkih" {rC- MR+ SInv, unknown}
   (You found it on level 5 of the Dungeon)

   It makes you vulnerable to cold.
   It affects your resistance to hostile enchantments.
   It lets you see invisible.
   It has a curse placed upon it.
 K - a +0 pair of boots (worn)
Jewellery
 m - a ring of wizardry (left hand)
 M - a ring of resist corrosion (right hand)
Wands
 s - a wand of paralysis (9)
 w - a wand of scattershot (3)
 C - a wand of enslavement (11)
 G - a wand of disintegration (19)
Scrolls
 c - 2 scrolls of blinking {unknown}
 f - 7 scrolls of identify {unknown}
 g - 6 scrolls of teleportation {unknown}
 p - 4 scrolls of remove curse {unknown}
 r - a scroll of enchant armour {unknown}
 v - 2 scrolls of enchant weapon {unknown}
 E - a scroll of immolation {unknown}
 L - a scroll of amnesia {unknown}
Potions
 e - a potion of brilliance {unknown}
 i - 2 potions of berserk rage {unknown}
 l - 2 potions of ambrosia {unknown}
 n - 3 potions of cancellation {unknown}
 u - 3 potions of degeneration {unknown}
 x - a potion of heal wounds {unknown}
 D - 2 potions of curing {unknown}
 I - a potion of flight {unknown}
Comestibles
 b - 13 rations
 O - 2 chunks of flesh


   Skills:
 * Level 4.3 Fighting
 * Level 5.1 Maces & Flails
 + Level 3.4 Dodging
 + Level 3.0 Stealth
 * Level 2.3 Shields
 + Level 6.5 Spellcasting
 + Level 3.2 Conjurations
 + Level 5.7 Fire Magic


You had 8 spell levels left.
You knew the following spells:

 Your Spells              Type           Power        Failure   Level  Hunger
a - Flame Tongue          Conj/Fire      ####.        1%          1    None
b - Fireball              Conj/Fire      ####......   12%         5    #####..
c - Conjure Flame         Conj/Fire      ####....     1%          3    None
s - Sticky Flame          Conj/Fire      ####....     4%          4    ###....

Your spell library contained the following spells:

 Spells                   Type           Power        Failure   Level  Hunger
 Throw Flame              Conj/Fire      ####..       1%          2    None
 Animate Skeleton         Necr           N/A          2%          1    None
 Apportation              Tloc           #.....       2%          1    None
 Confusing Touch          Hex            #.....       2%          1    None
 Summon Small Mammal      Summ           #...         2%          1    None
 Inner Flame              Hex/Fire       ###.....     2%          3    None


Dungeon Overview and Level Annotations

Branches:
Dungeon (8/15)             Temple (0/1) D:4
   Lair: D:8-11

Altars:
Cheibriados
Elyvilon
Fedhas
Hepliaklqana
Kikubaaqudgha
Makhleb
Nemelex Xobeh
Okawaru
Qazlal
Sif Muna
Trog
Uskayaw
Wu Jian
Xom
Zin
The Shining One


Innate Abilities, Weirdness & Mutations

You can breathe blasts of scalding, opaque steam.
Your pale cyan-grey scales are hard. (AC +7)
You cannot fit into any form of body armour.
You are cold-blooded and may be slowed by cold attacks.


Message History

The sticky flame hits the orc warrior.
The orc warrior appears unharmed.
The orc warrior is covered in liquid flames!
The orc shouts!
The orc warrior burns!
The orc wizard gestures at you while chanting.
The magic dart hits you!
The orc warrior hits you with a +0 trident!
* * * LOW HITPOINT WARNING * * *
The orc warrior burns! x2; The orc warrior closely misses you.
Casting: Sticky Flame (safe; 4% risk of failure)
Confirm with . or Enter, or press ? or * to list all spells.
Aiming: Sticky Flame (safe; 4% risk of failure)
Press: ? - help, Shift-Dir - straight line, f - orc wizard, p - orc warrior
Aim: an orc wizard, wielding a +0 dagger and wearing a +0 robe The sticky flame hits the orc wizard.
The orc wizard is moderately wounded.
The orc wizard is covered in liquid flames!
The orc warrior burns!
The orc wizard burns!
The orc warrior hits you from afar with a +0 trident!!
You die...

... ..##########....#
...............#
#..............#
#.........?....#
#.o............#
#..oo..........#
..†####o##........#
((†(.(..@'........#
...##....#........#
#....#........+
#.....#........#
#.....#..<.....#
#######........#
#..............#
+..............#
#..............#
#######..............#
............##'##....#


You could see an orc warrior (burning), an orc wizard (burning) and 2 orcs.

Vanquished Creatures
  A wyvern (D:8)
  An ice beast (D:7)
  An orc warrior (D:7)
  A sky beast (D:6)
  2 phantoms
  3 ogres
  A centaur (D:6)
  3 bullfrogs
  3 scorpions
  3 crimson imps (D:6)
  A centaur zombie (D:8)
  An orc priest (D:5)
  A hound (D:4)
  A centaur skeleton (D:4)
  A jelly (D:5)
  6 orc wizards
  3 bullfrog skeletons
  An iguana (D:5)
  Jessica (D:3)
  Ijyb (D:3)
  A worker ant (D:6)
  A hound zombie (D:7)
  A howler monkey skeleton (D:5)
  7 gnolls
  7 adders
  2 oozes
  2 adder zombies (D:7)
  7 worms
  2 dart slugs (D:5)
  3 leopard geckos
  23 orcs
  5 ball pythons
  13 giant cockroaches
  6 hobgoblins
  6 jackals
  9 kobolds
  3 quokkas
  7 bats
  A frilled lizard (D:2)
  9 goblins
  A jackal zombie (D:5)
  A leopard gecko skeleton (D:4)
  A leopard gecko zombie (D:5)
  A quokka skeleton (D:5)
  10 rats
165 creatures vanquished.

Vanquished Creatures (others)
  2 fungi (D:3)
  3 toadstools (D:3)
5 creatures vanquished.

Grand Total: 170 creatures vanquished

Notes
Turn   | Place    | Note
-------+----------+-------------------------------------------
     0 | D:1      | bli the Draconian Fire Elementalist began the quest for the
                  | Orb.
     0 | D:1      | Reached XP level 1. HP: 14/14 MP: 3/3
     3 | D:1      | Noticed an electric eel
     3 | D:1      | Noticed an electric eel
   236 | D:1      | Reached XP level 2. HP: 20/20 MP: 3/5
   514 | D:1      | Reached skill level 3 in Spellcasting
   784 | D:1      | Reached XP level 3. HP: 26/26 MP: 5/7
   972 | D:2      | Found a deep blue altar of Sif Muna.
  1232 | D:2      | Found a snail-covered altar of Cheibriados.
  1247 | D:2      | Became a worshipper of Cheibriados the Contemplative
  1258 | D:2      | Found a faded altar of an unknown god.
  1393 | D:2      | Reached XP level 4. HP: 15/34 MP: 2/9
  1615 | D:2      | Found a bloodstained altar of Trog.
  1845 | D:3      | Reached * piety under Cheibriados
  1946 | D:3      | Noticed Jessica
  1971 | D:3      | Killed Jessica
  1971 | D:3      | Reached skill level 1 in Fighting
  1971 | D:3      | Reached skill level 4 in Spellcasting
  2058 | D:3      | Reached XP level 5. HP: 40/40 MP: 6/11
  2065 | D:3      | Found an iron altar of Okawaru.
  2065 | D:3      | Found a stormy altar of Qazlal.
  2191 | D:3      | Noticed Ijyb
  2212 | D:3      | Killed Ijyb
  2496 | D:3      | Learned a level 4 spell: Sticky Flame
  2751 | D:3      | Found a glowing silver altar of Zin.
  2844 | D:3      | Found an ancient bone altar of Kikubaaqudgha.
  2844 | D:3      | Found a blossoming altar of Fedhas.
  2907 | D:3      | Learned a level 3 spell: Conjure Flame
  3189 | D:4      | Reached ** piety under Cheibriados
  3254 | D:4      | Found a staircase to the Ecumenical Temple.
  3270 | D:4      | Reached XP level 6. HP: 37/47 MP: 2/13
  3293 | D:4      | Reached skill level 5 in Spellcasting
  3971 | D:4      | Found a hazy altar of Hepliaklqana.
  4012 | D:5      | Entered Level 5 of the Dungeon
  4130 | D:5      | Your scales start taking on a pale cyan-grey colour.
  4130 | D:5      | Reached XP level 7. HP: 42/53 MP: 3/15
  4252 | D:5      | Found a shimmering altar of Xom.
  4300 | D:5      | Got a spiked chain mail
  4330 | D:5      | Found a burning altar of Makhleb.
  4425 | D:5      | Learned a level 5 spell: Fireball
  4438 | D:5      | Reached *** piety under Cheibriados
  4438 | D:5      | Reached skill level 1 in Maces & Flails
  4522 | D:5      | Got a fine ring mail
  5292 | D:6      | Found an ornate altar of the Wu Jian Council.
  5417 | D:6      | Reached skill level 6 in Spellcasting
  5439 | D:6      | Reached skill level 5 in Fire Magic
  5439 | D:6      | Reached XP level 8. HP: 41/62 MP: 13/17
  5489 | D:6      | Found a glowing golden altar of the Shining One.
  5726 | D:6      | Reached skill level 1 in Shields
  5946 | D:7      | Found a hide-covered altar of Uskayaw.
  5947 | D:7      | Found a white marble altar of Elyvilon.
  6027 | D:7      | Reached **** piety under Cheibriados
  6570 | D:7      | Reached XP level 9. HP: 60/71 MP: 10/18
  6670 | D:7      | Found a sparkling altar of Nemelex Xobeh.
  6775 | D:8      | Reached skill level 5 in Maces & Flails
  6810 | D:8      | Mangled by an orc warrior

Vault maps used:
D:1:      arrival_aquarium_b
D:2:      nicolae_overflow_hidden_temple, old_standard_altar,
          lemuel_round_altar, chequers_ecumenical_altar_island,
          serial_park_tiny_1
D:3:      grunt_temple_overflow_growth_and_decay, old_standard_altar,
          grunt_temple_overflow_open, first_ration, minmay_gold_behind_fungi,
          uniq_ijyb, uniq_jessica
D:4:      lemuel_coloured_pillars_altar, minmay_temple_entry_mist,
          portal_sewer_entry_e, hangedman_abyss_or_decor_passed
D:5:      minmay_general_purpose_star, tgw_xom, lightli_temple_of_fire,
          lemuel_another_geyser
D:6:      overflow_temple_1_default, old_standard_altar
D:7:      lemuel_round_altar, gammafunk_temple_overflow_statue
D:8:      basic_altar

Skill      XL: |  1  2  3  4  5  6  7  8  9 |
---------------+----------------------------+-----
Spellcasting   | 3 4 5 6 |  6.5
Dodging        | 2 3 |  3.4
Fighting       | 1 2 4 |  4.3
Stealth        | 2 3 |  3.0
Conjurations   | 2 3 |  3.2
Fire Magic     | 4 5 |  5.7
Maces & Flails | 2 4 5 |  5.1
Shields        | 2 |  2.3

Action                   |  1- 3 |  4- 6 |  7- 9 || total
-------------------------+-------+-------+-------++-------
Melee: Unarmed           |    27 |   105 |       ||   132
       Tailslap          |     3 |    24 |    22 ||    49
       Mace              |       |     8 |   111 ||   119
Throw: Stone             |     6 |    46 |    11 ||    63
       Tomahawk          |       |    18 |    44 ||    62
 Cast: Flame Tongue      |    55 |   134 |    85 ||   274
       Sticky Flame      |       |       |    10 ||    10
       Fireball          |       |       |     3 ||     3
 Stab: Sleeping          |     2 |       |     3 ||     5
  Eat: Chunk             |     2 |     4 |     6 ||    12
Armor: Skin              |    17 |    49 |    41 ||   107
Dodge: Dodged            |    25 |    92 |    95 ||   212

Table legend:
 A = Non-vault XP
 B = Vault XP
 C = Vault XP percentage of total XP
 D = Non-vault monster count
 E = Vault monster count
 F = Vault count percentage of total count
                 A         B        C        D         E       F
            +---------+---------+-------+---------+---------+-------
      Total |    2913 |     244 |   7.7 |     148 |      17 |  10.3
            +---------+---------+-------+---------+---------+-------
        D:1 |      45 |       0 |   0.0 |      26 |       0 |   0.0
        D:2 |      79 |       0 |   0.0 |      22 |       0 |   0.0
        D:3 |      89 |      73 |  45.1 |      25 |       2 |   7.4
        D:4 |     349 |      16 |   4.4 |      17 |       8 |  32.0
        D:5 |     261 |     155 |  37.3 |      14 |       7 |  33.3
        D:6 |     988 |       0 |   0.0 |      15 |       0 |   0.0
        D:7 |     837 |       0 |   0.0 |      21 |       0 |   0.0
        D:8 |     265 |       0 |   0.0 |       8 |       0 |   0.0
            +---------+---------+-------+---------+---------+-------
